 Dungeon Crawl Stone Soup version 0.29.1-14-g9c671dbff4 (webtiles) character file.

Game seed: 15995173657317617993

944 Thatpatchoflichen the Trooper (level 8, -6/51 HPs)
             Began as a Kobold Ice Elementalist on Feb 16, 2023.
             Mangled by an orc warrior
             ... wielding a +0 trident
              (24 damage)
             ... on level 6 of the Dungeon.
             The game lasted 00:25:05 (8230 turns).

Thatpatchoflichen the Trooper (KoIE)                Turns: 8230, Time: 00:25:05

Health: -6/51      AC: 12    Str:  6    XL:     8   Next: 35%
Magic:  9/14       EV: 15    Int: 18    God:
Gold:   122        SH:  0    Dex: 15    Spells: 8/15 levels left

rFire   x . .      SeeInvis .   p - +0 dagger
rCold   + . .      Faith    .   y - orb {mayhem}
rNeg    . . .      Spirit   .   w - +0 leather armour
rPois   +          Reflect  .   k - +0 helmet
rElec   .          Harm     .   B - +0 cloak
rCorr   .          Rampage  .   C - +0 pair of gloves
Will    .....                   (no boots)
Stlth   +++.......              (no amulet)
HPRegen 0.17/turn               d - ring of poison resistance
MPRegen 0.14/turn               h - ring of ice

@: ice-armoured, freezing walls
A: small, no large weapons, nightstalker 3
a: no special abilities


You were on level 6 of the Dungeon.
You visited 1 branch of the dungeon, and saw 6 of its levels.
You also visited: Ossuary.

You collected 212 gold pieces.
You spent 90 gold pieces at shops.

Inventory:

Hand Weapons
 p - a +0 dagger (weapon)
 x - a +0 rapier
Missiles
 m - 5 poisoned darts
 A - 4 boomerangs
Armour
 k - a +0 helmet (worn)
 w - a +0 leather armour (worn)
 y - an orb of mayhem (worn)
 B - a +0 cloak (worn)
 C - a +0 pair of gloves (worn)
Jewellery
 d - a ring of poison resistance (left hand)
 h - a ring of ice (right hand)
Wands
 v - a wand of digging (5)
Scrolls
 e - 5 scrolls of teleportation {unknown}
 f - a scroll of fear {unknown}
 g - 2 scrolls of immolation
 i - a scroll of poison {unknown}
 j - 3 scrolls of noise {unknown}
 l - 2 scrolls of fog {unknown}
 q - a scroll of vulnerability {unknown}
 t - a scroll of identify {unknown}
 u - a scroll of magic mapping {unknown}
Potions
 a - a potion of ambrosia {unknown}
 b - a potion of magic
 c - 3 potions of curing {unknown}
 n - 3 potions of invisibility {unknown}
 o - 3 potions of lignification {unknown}
 r - a potion of heal wounds {unknown}
 s - a potion of flight {unknown}
 z - a potion of degeneration {unknown}
 D - a potion of mutation {unknown}


   Skills:
 + Level 6.2 Fighting
 * Level 4.8 Dodging
 - Level 3.0 Stealth
 - Level 4.0 Spellcasting
 + Level 6.2 Ice Magic


You had 8 spell levels left.
You knew the following spells:

 Your Spells              Type           Power      Damage    Failure   Level
a - Freeze                Ice            100%       1d11      1%          1
b - Frozen Ramparts       Ice            76%        1d12      5%          3
c - Ozocubu's Armour      Ice            38%        N/A       5%          3

Your spell library contained the following spells:

 Spells                   Type           Power      Damage    Failure   Level
 Hailstorm                Conj/Ice       22%        3d7       54%         4
 Summon Lightning Spire   Summ/Air       3%         N/A       92%         4
 Storm Form               Tmut/Air       1%         N/A       100%        7
 Maxwell's Capacitive Co  Air            1%         ∞         100%        8


Dungeon Overview and Level Annotations

Branches:
Dungeon (6/15)            Ossuary (visited)
 Temple: D:4-7

Altars:
Elyvilon
Fedhas
Kikubaaqudgha
Makhleb
Uskayaw
Vehumet

Shops:
D:4 :   D:5 ([


Innate Abilities, Weirdness & Mutations

You are small and have problems with some larger weapons.
You are completely attuned to the shadows.


Message History

There is a stone staircase leading up here.
You open the door.
There is an open door here. 2 orc wizards come into view.
The orc wizard shouts!
You hear a shout!
An orc warrior comes into view. It is wielding a +0 trident.
The orc wizard shouts!
Casting: Ozocubu's Armour (dangerous; 5% risk of failure)
Confirm with . or Enter, or press ? or * to list all spells.
Casting: Frozen Ramparts (dangerous; 5% risk of failure)
Press: ? - help, Dir - look around, f - activate You feel a surge of power!
The walls around you are covered in ice.
The wall freezes the orc warrior but does no damage.
The wall freezes the orc wizard!
The orc wizard misses you.
Casting: Frozen Ramparts (dangerous; 5% risk of failure)
Confirm with . or Enter, or press ? or * to list all spells.
You feel a surge of power! A film of ice covers your body!
The wall freezes the orc wizard!
The orc wizard misses you.
The wall freezes the orc warrior!
The orc warrior hits you from afar with a +0 trident.
The wall freezes the orc wizard!
You kill the orc wizard!
You completely miss the orc wizard.
The orc wizard is heavily wounded.
The wall freezes the orc wizard!
You kill the orc wizard!
The orc warrior flies into a frenzy!
The wall freezes the orc warrior but does no damage.
The orc warrior hits you from afar with a +0 trident!!
The wall freezes the orc warrior.
The orc warrior hits you from afar with a +0 trident!
Unknown command.
The wall freezes the orc warrior.
The orc warrior barely misses you.
The wall freezes the orc warrior.
The orc warrior completely misses you.
The wall freezes the orc warrior.
The orc warrior barely misses you.
The wall freezes the orc warrior.
The orc warrior closely misses you.
The wall freezes the orc warrior.
The orc warrior hits you from afar with a +0 trident!!
You die...

### ...# ##.## ###...###
..###...⌠.'.#
..........#.#
...>....###@#
#.....###.))# ##
##.⌠.##...o####.## ####
##.....###.. #....# #P#.
....<....### .....# ##_.
...........#......##
#.P.
...###...⌠.+...##..#####
#... .##
###...#...#.......# ##..
###.##...........# ####


You could see a neutral orc warrior (fast, strong, insane).

Vanquished Creatures
  Sigmund (D:3)
  Eustachio (D:4)
  A phantom (D:6)
  A centaur (D:6)
  A scorpion (D:6)
  A hound (D:5)
  An orc priest (D:5)
  A jelly (D:5)
  An iguana (D:5)
  4 orc wizards
  A gnoll (D:6)
  9 adders
  A shadow imp (D:6)
  2 white imps
  An ufetubus (D:5)
  3 worms
  4 dart slugs
  11 orcs
  4 ball pythons
  2 endoplasms
  4 giant cockroaches
  7 goblins
  5 hobgoblins
  2 jackals (D:2)
  2 quokkas
  5 bats
  3 frilled lizards
  2 goblin zombies
  4 kobolds
  4 rats
89 creatures vanquished.

Vanquished Creatures (collateral kills)
  An orc wizard (D:5)
1 creature vanquished.

Grand Total: 90 creatures vanquished

Notes
Turn   | Place    | Note
-------+----------+-------------------------------------------
     0 | D:1      | Thatpatchoflichen the Kobold Ice Elementalist began the
                  | quest for the Orb.
     0 | D:1      | Reached XP level 1. HP: 10/10 MP: 3/3
   131 | D:1      | Reached XP level 2. HP: 12/16 MP: 3/5
   230 | D:1      | Found a faded altar of an unknown god.
  1080 | D:2      | Reached skill level 1 in Fighting
  1147 | D:2      | Reached XP level 3. HP: 20/20 MP: 4/6
  1532 | D:2      | Found a blossoming altar of Fedhas.
  1726 | D:2      | Reached XP level 4. HP: 23/25 MP: 1/8
  2820 | D:3      | Found a radiant altar of Vehumet.
  2849 | D:3      | Noticed Sigmund
  2929 | D:3      | Learned a level 3 spell: Frozen Ramparts
  2933 | D:3      | Learned a level 3 spell: Ozocubu's Armour
  3819 | D:4      | Reached XP level 5. HP: 30/30 MP: 7/9
  4105 | D:4      | Found Lysayl's Vocational Training.
  4334 | D:4      | Noticed Eustachio
  4367 | D:5      | Entered Level 5 of the Dungeon
  4647 | D:5      | Found a sand-covered staircase.
  4653 | Ossuary  | Entered an ossuary
  5096 | D:4      | Found a hide-covered altar of Uskayaw.
  5425 | D:4      | Killed Eustachio
  5426 | D:4      | Reached skill level 5 in Ice Magic
  5426 | D:4      | Reached XP level 6. HP: 25/36 MP: 0/11
  5607 | D:3      | Killed Sigmund
  5608 | D:3      | Reached XP level 7. HP: 17/41 MP: 1/13
  6052 | D:5      | Found Soerchiz's Weapon Boutique.
  6388 | D:5      | Reached skill level 5 in Fighting
  6795 | D:5      | Found Ryczexto's Armour Shop.
  6800 | D:5      | Bought a +0 cloak for 45 gold pieces
  6800 | D:5      | Bought a +0 pair of gloves for 45 gold pieces
  7080 | D:5      | Found an ancient bone altar of Kikubaaqudgha.
  7321 | D:6      | Reached XP level 8. HP: 27/50 MP: 3/14
  7668 | D:6      | Found a blossoming altar of Fedhas.
  7668 | D:6      | Found a burning altar of Makhleb.
  7668 | D:6      | Found a white marble altar of Elyvilon.
  8230 | D:6      | Mangled by an orc warrior

Illustrated notes

Levels and vault maps discovered:
D:1:      minmay_arrival_shoal_huts, layout_basic,
          hellmonk_ecumenical_altar_blasted
D:2:      layout_loops_cross, basic_altar
D:3:      layout_basic, nicolae_vehumet_altar_sigil, uniq_sigmund
D:4:      layout_basic, nicolae_uskayaw_suspiria, nicolae_shop_vocational,
          uniq_eustachio
D:5:      layout_loops_corners, mainiacjoe_overflow_brackets, serial_shops,
          kennysheep_little_box, nicolae_diamond_shop, enter_ossuary_4
D:6:      layout_cave_pools, gammafunk_temple_overflow_forgotten,
          minmay_temple_entry_poolview, grunt_ministairs_13,
          minmay_misc_feat_enclosed

Skill      XL: |  1  2  3  4  5  6  7  8 |
---------------+-------------------------+-----
Stealth        | 3 |  3.0
Fighting       | 1 2 3 5 6 |  6.2
Dodging        | 3 4 |  4.8
Spellcasting   | 3 4 |  4.0
Ice Magic      | 5 6 |  6.2

Action                   |  1- 3 |  4- 6 |  7- 9 || total
-------------------------+-------+-------+-------++-------
Melee: Unarmed           |     2 |     2 |       ||     4
       Dagger            |       |    21 |    82 ||   103
       Punch             |       |     1 |     1 ||     2
 Cast: Freeze            |    51 |    74 |    35 ||   160
       Frozen Ramparts   |       |     4 |    11 ||    15
       Ozocubu's Armour  |       |     2 |     4 ||     6
 Stab: Sleeping          |       |     3 |     2 ||     5
Armor: Robe              |     7 |    22 |       ||    29
       Leather armour    |       |     2 |    26 ||    28
Dodge: Dodged            |    25 |    58 |   104 ||   187
